 Dungeon Crawl Stone Soup version 0.30-a0-263-ge22c4ad894 (webtiles) character file.

Game seed: 5541688347481102368

1174 sscrono2 the Martial Artist (level 8, -1/52 HPs)
             Began as an Octopode Monk on Oct 13, 2022.
             Slain by a phantom (7 damage)
             ... on level 5 of the Dungeon.
             The game lasted 00:09:27 (4408 turns).

sscrono2 the Martial Artist (Octopode Monk)         Turns: 4408, Time: 00:09:27

Health: -1/52      AC:  1    Str: 12    XL:     8   Next: 41%
Magic:  10/10      EV: 14    Int: 12    God:
Gold:   331        SH:  0    Dex: 15    Spells: 3/10 levels left

rFire   . . .      SeeInvis .    s - +3 dagger (elec)
rCold   . . .      Faith    +    (no shield)
rNeg    . . .      Spirit   .    (helmet restricted)
rPois   .          Reflect  .    d - amulet of faith
rElec   .          Harm     .    (no ring)
rCorr   .          Rampage  .    (no ring)
Will    .....                    (no ring)
Stlth   ++........               (no ring)
HPRegen 0.28/turn                (no ring)
MPRegen 0.12/turn                (no ring)
                                 (no ring)
                                 (no ring)

@: confused, ambrosia-drunk
A: almost no armour, amphibious, 8 rings, camouflage 1, gelatinous body 1,
(nimble swimmer 1), tentacles
a: no special abilities


You were on level 5 of the Dungeon.
You visited 1 branch of the dungeon, and saw 7 of its levels.
You also visited: Sewer.

You collected 331 gold pieces.

Inventory:

Hand Weapons
 s - a +3 dagger of electrocution (weapon)
Missiles
 i - 5 poisoned darts (quivered)
Jewellery
 d - an amulet of faith (around mantle)
Wands
 m - a wand of flame (15)
Scrolls
 b - 4 scrolls of noise
 c - a scroll of torment {unknown}
 g - 5 scrolls of teleportation
 j - 2 scrolls of blinking
 k - 2 scrolls of amnesia
Potions
 e - a potion of haste {unknown}
 f - 2 potions of mutation {unknown}
 h - a potion of heal wounds {unknown}
 n - a potion of curing {unknown}
 p - 2 potions of lignification {unknown}
 q - a potion of degeneration {unknown}
 r - a potion of brilliance {unknown}


   Skills:
 - Level 3.0 Fighting
 - Level 3.0 Dodging
 - Level 2.6 Stealth
 + Level 8.5 Unarmed Combat
 + Level 1.9 Spellcasting
 * Level 3.3 Transmutations
 * Level 3.3 Earth Magic


You had 3 spell levels left.
You knew the following spells:

 Your Spells              Type           Power      Damage    Failure   Level
a - Passwall              Tmut/Erth      7%         N/A       11%         2
b - Blade Hands           Tmut           4%         N/A       89%         5

Your spell library contained the following spells:

 Spells                   Type           Power      Damage    Failure   Level
 Kiss of Death            Conj/Necr      4%         2d5       28%         1
 Summon Small Mammal      Summ           4%         N/A       28%         1
 Blink                    Tloc           2%         N/A       38%         2
 Ensorcelled Hibernation  Hex/Ice        2%         N/A       38%         2
 Momentum Strike          Conj/Tloc      2%         3d8       38%         2
 Call Canine Familiar     Summ           1%         N/A       63%         3
 Confusing Touch          Hex            1%         N/A       63%         3
 Gell's Gravitas          Tloc           1%         N/A       63%         3
 Lesser Beckoning         Tloc           2%         N/A       63%         3
 Summon Guardian Golem    Hex/Summ       1%         N/A       63%         3
 Swiftness                Air            1%         N/A       63%         3
 Teleport Other           Tloc           1%         N/A       63%         3
 Dispel Undead            Necr           1%         3d6       95%         4
 Irradiate                Conj/Tmut      2%         3d12      98%         5
 Dragon Form              Tmut           4%         N/A       100%        7


Dungeon Overview and Level Annotations

Branches:
Dungeon (7/15)              Sewer (visited)
 Temple: D:4-7

Altars:
Elyvilon
Okawaru
Trog
Wu Jian

Shops:
D:3 [


Innate Abilities, Weirdness & Mutations

You cannot wear most types of armour.
You are amphibious.
You can wear up to eight rings at the same time.
Your skin changes colour to match your surroundings (Stealth+).
Your rubbery body absorbs attacks. (AC +1, EV +1)
((You are camouflaged when in or above water. (Stealth+)))
You have tentacles for arms and can constrict up to eight enemies at once.


Message History

You squeeze the phantom, but do no damage.
The phantom is moderately damaged.
The phantom closely misses you.
You hit the phantom.
The phantom is heavily damaged.
The phantom hits you!
You closely miss the phantom.
The phantom is heavily damaged.
The phantom barely misses you.
You closely miss the phantom. Your squeeze misses the phantom.
The phantom is heavily damaged.
The phantom hits you.
The phantom blinks!
You blink.
You are too injured to fight recklessly!
You are too injured to fight recklessly!
You are too injured to fight recklessly!
You are too injured to fight recklessly!
You are too injured to fight recklessly!
You barely miss the phantom. You squeeze the phantom!
The phantom is severely damaged.
The phantom hits you!
The phantom blinks!
You blink.
You barely miss the phantom. Your squeeze misses the phantom.
The phantom is severely damaged.
The phantom hits you.
* * * LOW HITPOINT WARNING * * *
The phantom blinks!
You blink.
You hit the phantom but do no damage.
The phantom is severely damaged.
The phantom hits you!
* * * LOW HITPOINT WARNING * * *
You miss the phantom.
The phantom is severely damaged.
The phantom barely misses you.
You closely miss the phantom.
The phantom is severely damaged.
The phantom hits you.
* * * LOW HITPOINT WARNING * * *
The phantom blinks!
You blink.
You are confused.
You feel invigorated. The phantom hits you!
You die...

........#.##..............§.##
.............................#
..........###................#
.........####................#
................>............#
.........####........(.......#
.........####................#
<.................§.........##
######...##....W@##..#.....##
... ##....###..####### ##..##
...# ### ....# ..# ..# ..#


You could see a phantom.

Vanquished Creatures
  Pargi (Sewer)
  2 black bears
  A centaur (D:6)
  2 phantoms (D:5)
  A necrophage (D:7)
  2 howler monkeys (D:7)
  2 hounds (D:4)
  2 jellies
  3 iguanas
  Crazy Yiuf (D:2)
  Terence (D:3)
  Natasha (thrice) (D:2)
  Robin (D:3)
  A gnoll (D:5)
  8 adders
  A shadow imp (D:7)
  3 worms
  2 dart slugs (D:1)
  9 orcs
  2 ball pythons
  7 endoplasms
  6 giant cockroaches
  20 goblins
  7 hobgoblins
  4 jackals
  A kobold (D:4)
  4 quokkas
  9 bats
  8 frilled lizards
  5 rats
119 creatures vanquished.

Notes
Turn   | Place    | Note
-------+----------+-------------------------------------------
     0 | D:1      | sscrono2 the Octopode Monk began the quest for the Orb.
     0 | D:1      | Reached XP level 1. HP: 16/16 MP: 1/1
   111 | D:1      | Reached XP level 2. HP: 21/21 MP: 2/2
   333 | D:1      | Found a faded altar of an unknown god.
   389 | D:1      | Reached skill level 4 in Unarmed Combat
   434 | D:1      | Reached XP level 3. HP: 26/26 MP: 3/3
   700 | D:2      | Noticed Natasha
   705 | D:2      | Killed Natasha
   706 | D:2      | Reached XP level 4. HP: 31/31 MP: 4/4
   867 | D:2      | Noticed Natasha
   878 | D:2      | Killed Natasha
   879 | D:2      | Reached skill level 5 in Unarmed Combat
  1061 | D:2      | Noticed Natasha
  1068 | D:2      | Killed Natasha
  1069 | D:2      | Reached XP level 5. HP: 27/36 MP: 5/5
  1338 | D:2      | Found a runed translucent door.
  1339 | D:2      | Noticed Crazy Yiuf
  1503 | D:2      | Killed Crazy Yiuf
  1504 | D:2      | Reached skill level 6 in Unarmed Combat
  1536 | D:3      | Noticed Terence
  1643 | D:3      | Noticed Robin
  1798 | D:3      | Killed Terence
  1956 | D:3      | Reached XP level 6. HP: 37/42 MP: 6/6
  2037 | D:3      | Killed Robin
  2353 | D:3      | Found an iron altar of Okawaru.
  2353 | D:3      | Found a bloodstained altar of Trog.
  2483 | D:3      | Found an ornate altar of the Wu Jian Council.
  2499 | D:3      | Found Moaquh's Antique Armour Shop.
  2868 | D:4      | Reached skill level 7 in Unarmed Combat
  3258 | D:4      | You fall into a shaft and drop 3 floors!
  3269 | D:7      | Reached XP level 7. HP: 30/46 MP: 7/7
  3271 | D:7      | Reached skill level 8 in Unarmed Combat
  3369 | D:7      | Learned a level 2 spell: Passwall
  3448 | D:6      | Reached skill level 1 in Transmutations
  3448 | D:6      | Reached skill level 1 in Earth Magic
  3688 | D:5      | Entered Level 5 of the Dungeon
  3818 | D:5      | Reached skill level 1 in Spellcasting
  3862 | D:5      | Reached XP level 8. HP: 50/52 MP: 9/9
  3971 | D:5      | Found a white marble altar of Elyvilon.
  4021 | D:5      | Found a glowing drain.
  4069 | D:5      | Learned a level 5 spell: Blade Hands
  4070 | Sewer    | Entered a sewer
  4121 | Sewer    | Noticed Pargi
  4139 | Sewer    | Killed Pargi
  4407 | D:5      | HP: 2/52 [phantom (5)]
  4408 | D:5      | Slain by a phantom

Illustrated notes

Levels and vault maps discovered:
D:1:      onia_arrival_mini_spirals, layout_basic,
          hellmonk_ecumenical_altar_pennies_from_heaven
D:2:      layout_basic, dk_noncrumbling_3, uniq_crazy_yiuf_cottage, uniq_natasha
D:3:      layout_basic, nicolae_overflow_crystal_walls,
          grunt_temple_overflow_bloody_war, serial_shops, shop_fountains,
          eino_curves_02, nicolae_concentric_dashed_squares_wild,
          minmay_surrounded, uniq_terence, uniq_robin
D:4:      layout_gridville
D:5:      layout_rooms, nicolae_elyvilon_peaceful_grove, portal_sewer_entry_f,
          nicolae_hexahallways, glass_columns_b, minivault_19
D:6:      layout_rooms, nicolae_ashenzari_skybound, gammafunk_ghost_icy,
          serial_bayou_pond_e
D:7:      layout_basic, tso_oasis_becter, minmay_temple_entry_fiery

Skill      XL: |  1  2  3  4  5  6  7  8 |
---------------+-------------------------+-----
Unarmed Combat | 4 5 6 7 8 |  8.5
Transmutations | 2 3 |  3.3
Earth Magic    | 2 3 |  3.3
Spellcasting   | 1 |  1.9
Fighting       | |  3.0
Dodging        | |  3.0
Stealth        | |  2.6

Action                   |  1- 3 |  4- 6 |  7- 9 || total
-------------------------+-------+-------+-------++-------
Melee: Unarmed           |    50 |    55 |       ||   105
       Tentacles         |     9 |    26 |    22 ||    57
       Constrict         |    14 |    33 |    14 ||    61
       Punch             |     2 |     2 |     8 ||    12
       Dagger            |       |    88 |    95 ||   183
Evoke: Wand              |       |     3 |     2 ||     5
  Use: Scroll            |       |     1 |     8 ||     9
       Potion            |       |       |     1 ||     1
 Stab: Sleeping          |    14 |    13 |     5 ||    32
Armor: Skin              |     5 |     3 |     5 ||    13
Dodge: Dodged            |    36 |    84 |    54 ||   174

Table legend: (Time is in decaauts)
 A = Elapsed time spent in this place.
 B = Non-inter-level travel time spent in this place.
 C = Inter-level travel time spent in this place.
 D = Time resting spent in this place.
 E = Time spent auto-exploring this place.
 F = Levels seen in this place.
 G = Mean time per level.
                   A        B        C        D        E       F      G
               +--------+--------+--------+--------+--------+-----+--------+
         Total |   4398 |   4224 |    174 |    430 |   2671 |   8 |  549.8 |
       Dungeon |   4224 |   4050 |    174 |    430 |   2549 |   7 |  603.4 |
         Sewer |    173 |    173 |      0 |      0 |    122 |   1 |  173.0 |
               +--------+--------+--------+--------+--------+-----+--------+

Top non-repeatable levels by time:
     D:3: 1076 daAuts
     D:2: 1055 daAuts
     D:4: 604 daAuts
     D:1: 603 daAuts
     D:5: 456 daAuts
     D:6: 291 daAuts
   Sewer: 173 daAuts
     D:7: 137 daAuts
